 Dungeon Crawl Stone Soup version 0.28-a0-1404-g4df0f3684d (webtiles) character file.

Game seed: 15201450175556522682

11 lonewolfV2 the Skirmisher (level 2, 0/24 HPs)
             Began as a Demonspawn Berserker on Jan 5, 2022.
             Was a Follower of Trog.
             Killed from afar by a dart slug (6 damage)
             ... with a slug dart
             ... on level 1 of the Dungeon.
             The game lasted 00:00:43 (515 turns).

lonewolfV2 the Skirmisher (Demonspawn Berserker)     Turns: 515, Time: 00:00:45

Health: 0/24       AC:  2    Str: 17    XL:     2   Next: 13%
Magic:  2/2        EV: 12    Int:  8    God:    Trog [*.....]
Gold:   29         SH:  0    Dex: 12    Spells: 1/1 levels left

rFire   . . .      SeeInvis .   a - +0 hand axe
rCold   . . .      Faith    .   (no shield)
rNeg    . . .      Spirit   .   b - +0 animal skin
rPois   .          Reflect  .   (no helmet)
rElec   .          Harm     .   (no cloak)
rCorr   .          Rampage  .   (no gloves)
Will    .....                   (no boots)
Stlth   +.........              (no amulet)
HPRegen 0.08/turn               (no ring)
MPRegen 0.08/turn               (no ring)

@: no status effects
A: powered by death 1
a: Renounce Religion, Berserk


You were on level 1 of the Dungeon.
You worshipped Trog.
Trog was aware of your devotion.
You visited 1 branch of the dungeon, and saw 1 of its levels.

You collected 29 gold pieces.

Inventory:

Hand Weapons
 a - a +0 hand axe (weapon)
Armour
 b - a +0 animal skin (worn)
Potions
 c - a potion of degeneration {unknown}


   Skills:
 + Level 3.2 Fighting
 + Level 3.0 Axes
 + Level 1.8 Armour
 + Level 1.8 Dodging


You had one spell level left.
You didn't know any spells.
Your spell library was empty.

Dungeon Overview and Level Annotations

Branches:
Dungeon (1/15)

Altars:


Innate Abilities, Weirdness & Mutations

You regenerate a little health from kills.


Message History

The dart slug launches a dart at you. The slug dart misses you.
The hobgoblin misses you.
You hit the hobgoblin.
The hobgoblin is lightly wounded.
The hobgoblin closely misses you.
You closely miss the hobgoblin. You closely miss the quokka.
The quokka twitches its whiskers.
The quokka misses you.
The hobgoblin hits you but does no damage.
You completely miss the hobgoblin. You closely miss the quokka.
The quokka closely misses you. The hobgoblin hits you. The quokka bites you.
You hit the hobgoblin but do no damage. You hit the quokka.
The hobgoblin barely misses you. The quokka bites you.
You closely miss the hobgoblin. You barely miss the quokka.
The hobgoblin hits you. The quokka barely misses you. The quokka bites you.
The hobgoblin misses you.
You hit the hobgoblin.
The hobgoblin is severely wounded.
You hit the quokka. The quokka closely misses you.
The hobgoblin barely misses you.
You hit the hobgoblin.
You kill the hobgoblin!
Trog accepts your kill.
You closely miss the quokka. The quokka misses you. The quokka bites you.
You see here a hobgoblin corpse.
You hit the quokka but do no damage.
The quokka is severely wounded.
The quokka bites you. The quokka barely misses you.
You closely miss the quokka.
The quokka is severely wounded.
The quokka bites you.
You closely miss the quokka.
The quokka is severely wounded.
You hit the dart slug. The quokka bites you.
* * * LOW HITPOINT WARNING * * *
The quokka completely misses you. The dart slug launches a dart at you.
The slug dart hits you.
You die...

### ##.## ##
#############.#.## ..#
.............###.#...###
############..#.@r.....#
#### #.....#.#.w.....#
.... ....###.###.......#
#### ## #.....#...###
###.###...# ##†## #.##
### #########...###...
..# #................#
#.# #.#######...####.#


You could see a dart slug and a quokka.

Vanquished Creatures
  A dart slug (D:1)
  A bat (D:1)
  3 hobgoblins (D:1)
  A quokka (D:1)
  A frilled lizard (D:1)
  A rat (D:1)
8 creatures vanquished.

Notes
Turn   | Place    | Note
-------+----------+-------------------------------------------
     0 | D:1      | lonewolfV2 the Demonspawn Berserker began the quest for the
                  | Orb.
     0 | D:1      | Reached XP level 1. HP: 18/18 MP: 1/1
     3 | D:1      | Noticed an electric eel
     4 | D:1      | Noticed an electric eel
   321 | D:1      | Gained mutation: You regenerate a little health from kills.
                  | [demonic ancestry]
   321 | D:1      | Reached XP level 2. HP: 19/24 MP: 2/2
   387 | D:1      | Found a faded altar of an unknown god.
   515 | D:1      | Killed from afar by a dart slug

Illustrated notes

Levels and vault maps discovered:
D:1:      arrival_aquarium_b, layout_loops_ring, shapermc_ecumenical_altar_gd

Skill      XL: |  1 |
---------------+----+-----
Axes           | 3 |  3.0
Fighting       | |  3.2
Armour         | |  1.8
Dodging        | |  1.8

Action                   || total
-------------------------++-------
Melee: Hand axe          ||    36
 Stab: Sleeping          ||     1
Armor: Animal skin       ||     9
Dodge: Dodged            ||    31

Table legend: (Time is in decaauts)
 A = Elapsed time spent in this place.
 B = Non-inter-level travel time spent in this place.
 C = Inter-level travel time spent in this place.
 D = Time resting spent in this place.
 E = Time spent auto-exploring this place.
 F = Levels seen in this place.
 G = Mean time per level.
                   A        B        C        D        E       F      G
               +--------+--------+--------+--------+--------+-----+--------+
         Total |    520 |    520 |      0 |      0 |    429 |   1 |  520.0 |
       Dungeon |    520 |    520 |      0 |      0 |    429 |   1 |  520.0 |
               +--------+--------+--------+--------+--------+-----+--------+

Top non-repeatable levels by time:
     D:1: 520 daAuts
